AoeStats
← Mr.Buffy

Arena

506184837Analyzed
1v1 RM · 20d ago on Sep 12, 2026· 29m 22s· 2 players
Game mode
Random Map
Map size
Tiny (2 player)
Population
200
Speed
Normal
Resources
Standard
Victory
Conquest
Starting age
Dark Age
Ending age
Imperial Age
RankedLock teamsTeams togetherTeam positionsShared explorationLock speedFull tech treeHidden civsTurbo modeCheats
Victory
Defeat
🇺🇸 Burmese · United States
1063
+16
🇹🇼 Turks · Taiwan
1053
-16
波卡
11:57 Feudal Age
12:59 Double-Bit Axe
19:35 Castle Age
20:53 Bow Saw
24:49 Imperial Age
22:22 Horse Collar
24:22 Gold Mining
Mr.Buffy
12:09 Feudal Age
15:37 Castle Age
13:24 Horse Collar
15:52 Man-at-Arms
23:34 Long Swordsman
25:26 Forging
25:26 Elite Skirmisher
28:31 Redemption
28:43 Sanctity
Connection lost

Rejoining the realm…

Still unreachable

The connection could not be restored.

Session expired

The server has moved on; the page needs a fresh start.